[Event "Late-Titled-Tuesday-Blitz-January-30-2024"]
[Site "Chess.com"]
[Date "2024.01.30"]
[Round "3"]
[White "RCone"]
[Black "SmirnovTimofey2000"]
[Result "1-0"]
[WhiteElo "2315"]
[BlackElo "1942"]
[TimeControl "180+1"]
[EndTime "14:28:58 PST"]
[Termination "RCone won on time"]

1. e4 e5 2. Nf3 Nf6 3. Nc3 Bb4 4. Nxe5 O-O 5. Be2 Re8 6. Nc4 Nxe4 7. O-O d5 8. Nxe4 dxc4 9. d3 cxd3 10. Bxd3 Bf5 11.
Qf3 Bxe4 12. Bxe4 c6 13. Be3 Qe7 14. Bd3 Bc5 15. Bd2 Nd7 16. Rfe1 Qf6 17. Qxf6 Nxf6 18.
h3 Kf8 19. Kf1 h6 20. Rad1 Rad8 21. Rxe8+ Rxe8 22. c4 Ne4 23. Be1 Rd8 24. Bc2 Rxd1 25. Bxd1 f5 26. f3 Nd6 27. b3 f4 28. Bc3 g5 29. Bc2 Kf7 30. Ke2 Be3 31. Bh7 Ne8 32.
Kd3 Nf6 33. Bf5 c5 34. Be5 a6 35. Bc8 b5 36. Bxa6 bxc4+ 37. Bxc4+ Kg6 38. Bxf6 Kxf6 39. Ke4 h5 40. a4 Bd2 41. Kd5 Bb4 42. Kc6 Ke5 43. Bf7 h4 44. Kb5 Kd6 45. a5 Kc7 46. a6 Kb8 47. Kb6 Ba3 48. a7+ 1-0

[Event "Late-Titled-Tuesday-Blitz-January-30-2024"]
[Site "Chess.com"]
[Date "2024.01.30"]
[Round "3"]
[White "BigAl"]
[Black "LevonAronian"]
[Result "0-1"]
[WhiteElo "2539"]
[BlackElo "3093"]
[TimeControl "180+1"]
[EndTime "14:28:59 PST"]
[Termination "LevonAronian won on time"]

1. Nf3 d5 2. g3 Nc6 3. Bg2 e5 4.
d3 Nf6 5. O-O Be7 6. a3 a5 7. b3 O-O 8. Bb2 Nd7 9. e4 d4 10.
Nbd2 Nc5 11. Nc4 Bf6 12. a4 Re8 13. Bc1 b6 14. Ne1 Be6 15. f4 Bxc4 16. bxc4 Qd7 17. Bd2 Nb4 18. Qh5 Nxa4 19. Bh3 Qc6 20. fxe5 Rxe5 21. Qg4 Nc5 22. Bf4 Rae8 23. Bxe5 Bxe5 24.
Rf2 Bf6 25. Nf3 Nbxd3 26. cxd3 Nxd3 27. Qd7 Qxd7 28. Bxd7 Rd8 29. Rd2 Nc5 30. Bc6 Nb3 31. Rad1 Nxd2 32. Rxd2 Be7 33. Ne5 Bb4 34. Rd1 Rd6 35.
Bd5 Kf8 36. Nxf7 Rxd5 37. cxd5 Kxf7 38. e5 a4 39. Kf1 Bc3 40. Ke2 a3 41. Rf1+ Ke7 42.
d6+ cxd6 43. exd6+ Kxd6 0-1

[Event "Late-Titled-Tuesday-Blitz-January-30-2024"]
[Site "Chess.com"]
[Date "2024.01.30"]
[Round "3"]
[White "ArturoCaceres"]
[Black "INLOVEWITHF"]
[Result "1/2-1/2"]
[WhiteElo "2440"]
[BlackElo "2593"]
[TimeControl "180+1"]
[EndTime "14:28:59 PST"]
[Termination "Game drawn - insufficient material"]

1. d4 Nf6 2. Nf3 g6 3. Bg5 Bg7 4. Nc3 d5 5. Qd2 O-O 6. Bh6 Ne4 7. Nxe4 dxe4 8. Bxg7 Kxg7 9. Ng1 e5 10. dxe5 Qxd2+ 11. Kxd2 Re8 12. f4 exf3 13. exf3 Rxe5 14. Bd3 Nc6 15. a3 Bf5 16. Bxf5 Rxf5 17. Rd1 Rd8+ 18. Kc1 Re8 19. Nh3 Re2 20. Rd2 Rfe5 21. Rhd1 Rxd2 22.
Kxd2 g5 23. Nf2 f5 24. Nd3 Re7 25. h4 h6 26. hxg5 hxg5 27. Re1 Rxe1 28. Kxe1 Kf6 29.
Nc5 b6 30. Na6 Nd4 31. Nxc7 Nxc2+ 32. Kd2 Nd4 33. Kd3 Ke5 34. a4 f4 35. b4 Nf5 36. a5 bxa5 37. bxa5 Nh4 38. Nb5 a6 39. Nc7 Nxg2 40. Nxa6 Nh4 41. Ke2 Kd6 42. Nb4 Kc5 43.
a6 Kb6 44. Nd5+ Ka7 45. Nc3 Nf5 46. Ne4 Nd4+ 47. Kf2 Ne6 48. Kg2 Kxa6 49. Kh3 Kb5 50. Kg4 Kc4 51. Nxg5 Nd4 52. Kxf4 Nxf3 1/2-1/2

[Event "Late-Titled-Tuesday-Blitz-January-30-2024"]
[Site "Chess.com"]
[Date "2024.01.30"]
[Round "3"]
[White "ccccvhhhj"]
[Black "finec2"]
[Result "1-0"]
[WhiteElo "2420"]
[BlackElo "2230"]
[TimeControl "180+1"]
[EndTime "14:28:59 PST"]
[Termination "ccccvhhhj won by checkmate"]

1. d4 Nf6 2. Bg5 g6 3. Bxf6 exf6 4. Nc3 d5 5. e3 c6 6. Bd3 Bd6 7. Nf3 O-O 8. h4 h5 9. Nh2 Qe7 10. g4 Bxh2 11. gxh5 Bd6 12. hxg6 f5 13. Qh5 fxg6 14. Qxg6+ Kh8 15. O-O-O Rf6 16. Qh5+ Qh7 17. Qg5 Rf8 18. Rdg1 Be6 19. h5 Nd7 20. h6 Rg8 21. Qh5 Rxg1+ 22.
Rxg1 Rg8 23. Rh1 Qg6 24. Qe2 Nf6 25. a3 Ne4 26. Bxe4 fxe4 27. Kb1 Kh7 28. Qd2 Bg4 29. Na4 Bf3 30. Rc1 Qg2 31. Qa5 a6 32. Qb6 Qxf2 33.
Qxb7+ Kxh6 34. Qxc6 Rg6 35. Qxd5 Qxe3 36. c4 Bf4 37. Rc3 Qe1+ 38. Ka2 Bd2 39. Rb3 Qd1 40. Rb8 e3 41. Rh8+ Kg7 42. Qg8+ Kf6 43. Qf8+ Kg5 44. Qe7+ Kg4 45. Qh4+ Kf5 46. Rf8+ Ke6 47. Nc5+ Kd6 48. Qd8+ Kc6 49. Qc8+ Kd6 50. Rd8+ Ke7 51. Qd7+ Kf6 52. Qd6+ Kg5 53. Qg3+ Kf6 54. Qe5+ Kf7 55. Rd7+ Kg8 56.
Qe8# 1-0

[Event "Late-Titled-Tuesday-Blitz-January-30-2024"]
[Site "Chess.com"]
[Date "2024.01.30"]
[Round "3"]
[White "Doudou2015"]
[Black "Balla_Tamas"]
[Result "0-1"]
[WhiteElo "2208"]
[BlackElo "2410"]
[TimeControl "180+1"]
[EndTime "14:28:59 PST"]
[Termination "Balla_Tamas won on time"]

1. b3 c5 2. Bb2 d5 3. e3 a6 4. f4 Nc6 5. Nf3 Bg4 6. Be2 e6 7. O-O Nf6 8. d3 Bd6 9. h3 Bxf3 10. Rxf3 Qe7 11. a4 e5 12. fxe5 Bxe5 13. d4 cxd4 14.
Bxd4 Bxd4 15. exd4 Ne4 16. Nc3 Nxc3 17. Rxc3 O-O 18.
Rg3 Qf6 19. c3 Rfe8 20. Bd3 h6 21. Qg4 Qg5 22. Qf3 Qe7 23. Qf5 g6 24. Rxg6+ fxg6 25. Qxg6+ Qg7 26. Qh5 Qg5 27. Qf3 Qe3+ 28. Qxe3 Rxe3 29.
Rd1 Rae8 30. c4 Re1+ 31. Rxe1 Rxe1+ 32. Kf2 Rd1 33. Ke2 Rc1 34. cxd5 Nxd4+ 35. Ke3 Nxb3 36. d6 Rc6 37. d7 Rd6 38. Bc4+ Kg7 39. Bxb3 Rxd7 40. g4 Rd6 41. h4 Rb6 42. Bc2 Rb4 43.
Kf3 Rc4 44. Bd1 b5 45. axb5 axb5 46. Be2 Rc3+ 47. Kf4 b4 48. g5 hxg5+ 49. Kxg5 b3 50. h5 b2 51. h6+ Kh8 0-1

[Event "Late-Titled-Tuesday-Blitz-January-30-2024"]
[Site "Chess.com"]
[Date "2024.01.30"]
[Round "3"]
[White "MrTattaglia"]
[Black "Vladimir_2020"]
[Result "0-1"]
[WhiteElo "2960"]
[BlackElo "2749"]
[TimeControl "180+1"]
[EndTime "14:29:01 PST"]
[Termination "Vladimir_2020 won by checkmate"]

1. c4 c6 2. e3 d5 3. Nc3 Nf6 4. Nf3 a6 5. Qc2 g6 6. d4 Bg7 7. Bd3 O-O 8. O-O Bg4 9. Ne5 Be6 10. c5 Nbd7 11. Nxd7 Bxd7 12. a3 Ng4 13. h3 Nh6 14. f4 Bf5 15. b4 Bxd3 16. Qxd3 f6 17. a4 e5 18. Bd2 Qd7 19. Rab1 exd4 20. exd4 f5 21. Be1 Kh8 22. Bh4 Ng8 23. Rbe1 Nf6 24. Re5 Rae8 25. Bxf6 Bxf6 26. Ne2 Bxe5 27. dxe5 d4 28.
Qxd4 Rd8 29. Qf2 Qd2 30. Kh2 Rd3 31. b5 axb5 32. axb5 Re3 33. Re1 cxb5 34. Qf1 b4 35.
Qf2 b3 36. Qh4 Rxe2 37. Rxe2 Qxe2 38. Qe7 Kg8 39. Qe6+ Kg7 40. Qe7+ Rf7 41. Qd6 b2 42. e6 b1=Q 43. exf7 Kxf7 44. Qd5+ Qe6 45. Qd4 Qbe4 46. Qd2 Qe3 47. Qb2 Qxf4+ 48. Kg1 Qe1# 0-1

[Event "Late-Titled-Tuesday-Blitz-January-30-2024"]
[Site "Chess.com"]
[Date "2024.01.30"]
[Round "3"]
[White "Quattroporte300"]
[Black "JaackCamel"]
[Result "1-0"]
[WhiteElo "2377"]
[BlackElo "2139"]
[TimeControl "180+1"]
[EndTime "14:29:01 PST"]
[Termination "Quattroporte300 won on time"]

1. e4 e6 2. d4 d5 3. e5 c5 4. c3 Nc6 5. Nf3 Qb6 6. a3 Nh6 7. b4 cxd4 8. cxd4 Nf5 9. Bb2 Bd7 10. Be2 Na5 11. O-O Nc4 12. Bxc4 dxc4 13. Nbd2 Rc8 14. Ne4 Bc6 15. Nc5 Bd5 16. Rc1 Be7 17. Qa4+ Bc6 18. Qc2 O-O 19. Nd2 Qd8 20. Qc3 b6 21. Nce4 Qd7 22. Rfd1 Qb7 23. f3 Rfd8 24. Nd6 Bxd6 25. exd6 b5 26. Ne4 Bxe4 27. fxe4 Qxe4 28. Re1 Qd5 29. Re5 Qxd6 30. Rxb5 Ne7 31. d5 e5 32. Rd1 f6 33. Ra5 Nf5 34. Kh1 a6 35. h3 Qb6 36. Qf3 Ne3 37. Re1 Nc2 38. Re2 Nd4 39. Bxd4 Qxd4 40. Rxa6 c3 41. Rc2 e4 42.
Qg4 Qd3 43. Ra7 1-0

[Event "Late-Titled-Tuesday-Blitz-January-30-2024"]
[Site "Chess.com"]
[Date "2024.01.30"]
[Round "3"]
[White "vidavi"]
[Black "zverr1"]
[Result "1-0"]
[WhiteElo "2451"]
[BlackElo "2589"]
[TimeControl "180+1"]
[EndTime "14:29:03 PST"]
[Termination "vidavi won on time"]

1. e4 c5 2. Nf3 g6 3. d4 cxd4 4. Qxd4 Nf6 5. e5 Nc6 6. Qd2 Ng4 7. Qf4 Ngxe5 8. Nxe5 Qa5+ 9. Bd2 Qxe5+ 10. Qxe5 Nxe5 11. Bc3 f6 12. Nd2 Bg7 13. O-O-O e6 14. f4 Nc6 15. h4 d5 16. Nf3 Kf7 17. h5 Re8 18.
Bd3 Bd7 19. hxg6+ hxg6 20. Rh7 Rh8 21. Ng5+ Kf8 22. Bxg6 d4 23. Bxd4 Rxh7 24. Nxh7+ Ke7 25. Bc5+ Kd8 26. Bf8 Bh8 27. Bd6 Ne7 28. Bf7 Nc8 29. Bb4 Kc7 30. Nf8 Nb6 31. Nxd7 Nxd7 32. Bxe6 Nb6 33.
Rh1 Re8 34. f5 Kc6 35. Rh7 Rd8 36. Be7 Re8 37. Bb4 Rd8 38. b3 Re8 39. a4 Rd8 40. Kb2 a6 41. a5 Nd5 42. Be1 Ne3 43. Bg3 Kc5 44. Rc7+ Kd4 45. Rxb7 Nd1+ 46. Kc1 Nc3 47. Rb6 Ne2+ 48. Kb2 Nxg3 49. Rxa6 Bg7 50. Rb6 Bf8 51. a6 Bc5 52. Rb7 Ra8 53. b4 Ba7 54. Rd7+ 1-0

[Event "Late-Titled-Tuesday-Blitz-January-30-2024"]
[Site "Chess.com"]
[Date "2024.01.30"]
[Round "3"]
[White "KorolDimitriy75"]
[Black "igorknyazev"]
[Result "1-0"]
[WhiteElo "2374"]
[BlackElo "2111"]
[TimeControl "180+1"]
[EndTime "14:29:03 PST"]
[Termination "KorolDimitriy75 won on time"]

1. d4 Nf6 2. c4 c5 3. d5 b5 4.
Nd2 Qa5 5. b4 Qxb4 6. Rb1 Qa5 7.
Rxb5 Qxa2 8. Rxc5 Na6 9. Rb5 e6 10. e4 Nb4 11. Be2 Nc2+ 12. Kf1 Nd4 13. Rb2 Qa6 14.
e5 Nxe2 15. Qxe2 Nxd5 16. cxd5 exd5 17. Qxa6 Bxa6+ 18. Ke1 d6 19. Ngf3 dxe5 20. Nxe5 Bd6 21. Nef3 O-O 22. Kd1 Rfe8 23. Re1 Rxe1+ 24. Kxe1 Re8+ 25.
Kd1 Be2+ 26. Kc2 a5 27. Kb1 Bb4 28. Nb3 Bd3+ 29. Ka1 Bc3 30. Be3 a4 31. Nc1 Bxb2+ 32. Kxb2 Be4 33. Na2 Rb8+ 34. Kc1 Bxf3 35. gxf3 f5 36.
Bd4 Rc8+ 37. Nc3 Rc4 38. Be5 Kf7 39. Kb2 g6 40. f4 Ke6 41. Ne2 g5 42. Nd4+ Kf7 43.
Nxf5 Kg6 44. Nd6 1-0

[Event "Late-Titled-Tuesday-Blitz-January-30-2024"]
[Site "Chess.com"]
[Date "2024.01.30"]
[Round "3"]
[White "jmpion"]
[Black "Alex_Sahakyan2006"]
[Result "0-1"]
[WhiteElo "2529"]
[BlackElo "2862"]
[TimeControl "180+1"]
[EndTime "14:29:04 PST"]
[Termination "Alex_Sahakyan2006 won by resignation"]

1. e4 e5 2. Nf3 Nc6 3. Bb5 a6 4. Ba4 d6 5. c3 g6 6. d4 Bd7 7.
O-O Bg7 8. Be3 Nge7 9. d5 Nb8 10. c4 O-O 11. Bc2 h6 12. Nc3 f5 13. g3 f4 14.
gxf4 Bg4 15. Bd3 exf4 16. Bd2 Nd7 17. Be2 Bxf3 18. Bxf3 Ne5 19. c5 Qd7 20. Kh1 Qh3 21.
Bg2 Qh4 22. f3 g5 23. Be1 Qh5 24. cxd6 cxd6 25. Rc1 N7g6 26. Ne2 g4 27. Nd4 g3 28. h3 Nh4 29. Rc7 Rf6 30. Ne6 Rf7 31. Rxf7 Qxf7 32. Bb4 Nxg2 33. Kxg2 Ng6 34. Bxd6 Nh4+ 35. Kg1 Qf6 36. Qb3 Qd4+ 37. Nxd4 Bxd4+ 38. Rf2 Bxf2+ 39. Kf1 Be3 40. Bc5 g2+ 41. Ke2 g1=Q 42. d6+ Kh8 43. Qc3+ Kh7 44. Bxe3 fxe3 45. Qc2 Qf2+ 46. Kd3 Qxc2+ 47.
Kxc2 Ng2 0-1

[Event "Late-Titled-Tuesday-Blitz-January-30-2024"]
[Site "Chess.com"]
[Date "2024.01.30"]
[Round "3"]
[White "jefferyx"]
[Black "Meri-Arabidze"]
[Result "1-0"]
[WhiteElo "3025"]
[BlackElo "2747"]
[TimeControl "180+1"]
[EndTime "14:29:05 PST"]
[Termination "jefferyx won on time"]

1. b4 e6 2. Bb2 Nf6 3. a3 a5 4.
b5 b6 5. e3 Bb7 6. Nf3 Be7 7.
Rg1 d6 8. g4 e5 9. d4 e4 10.
Nfd2 h6 11. c4 d5 12. Nc3 Bd6 13. h4 h5 14. g5 Ng4 15. cxd5 f5 16. gxf6 Qxf6 17. Ndxe4 Qxh4 18. Qf3 Nd7 19. Nxd6+ cxd6 20. Ne4 Qe7 21. Qf4 Rh6 22. Bc4 O-O-O 23. Rc1 Kb8 24. Qg5 Ndf6 25. Ng3 Bc8 26. Be2 Re8 27. Rc6 Ka7 28.
Nf5 Bxf5 29. Qxf5 Kb7 30. Bxg4 hxg4 31. a4 Rh3 32. Bc1 Rf3 33. Qc2 Nxd5 34. Rxg4 Nb4 35. Qe2 Ref8 36. Rg2 Nxc6 37. bxc6+ Kxc6 38. Qb5+ Kb7 39. Qd5+ Ka7 40. Ba3 Rxe3+ 41. fxe3 Qxe3+ 42. Re2 Qg3+ 43.
Kd2 Rf2 44. Bxd6 Rxe2+ 45. Kxe2 Qg4+ 46. Ke3 1-0

[Event "Late-Titled-Tuesday-Blitz-January-30-2024"]
[Site "Chess.com"]
[Date "2024.01.30"]
[Round "3"]
[White "WPWPWP-2015"]
[Black "Witik"]
[Result "0-1"]
[WhiteElo "2482"]
[BlackElo "2654"]
[TimeControl "180+1"]
[EndTime "14:29:05 PST"]
[Termination "Witik won on time"]

1. d4 d5 2. Nf3 Nf6 3. c4 c6 4. g3 g6 5. Bg2 Bg7 6. O-O O-O 7. Re1 Bf5 8. b3 dxc4 9. bxc4 c5 10. e3 Nc6 11.
Nc3 Bg4 12. Ne2 Rc8 13. Rb1 Na5 14. Ne5 Bf5 15. Rb5 b6 16. dxc5 Ne4 17. Bb2 Nxc5 18.
Rxa5 Qxd1 19. Rxd1 bxa5 20. Bd4 Rfd8 21. Nc6 Rxc6 22.
Bxc6 e5 23. Bd5 exd4 24. exd4 Ne6 25. f3 h5 26. Kf2 Rb8 27. Rd2 Nc7 28. Bc6 Bf8 29.
Nf4 Rd8 30. Ne2 Bb4 31. Rd1 Ne6 32. Bd5 Nc7 33. Bc6 Kg7 34. h4 Ne6 35. Ke3 Rd6 36. Bd5 Nc7 37. Bb7 a4 38. a3 Ba5 39. c5 Rd8 40. d5 Bc2 41. Rc1 Bb3 42. d6 Ne6 43. Nd4 Nxc5 44. Rxc5 Bb6 0-1

[Event "Late-Titled-Tuesday-Blitz-January-30-2024"]
[Site "Chess.com"]
[Date "2024.01.30"]
[Round "3"]
[White "topalovkramnik"]
[Black "TimGrutter03"]
[Result "1-0"]
[WhiteElo "2448"]
[BlackElo "2587"]
[TimeControl "180+1"]
[EndTime "14:29:05 PST"]
[Termination "topalovkramnik won on time"]

1. e4 c5 2. Nf3 d6 3. d4 Nf6 4. Nc3 cxd4 5. Nxd4 a6 6. f4 Nbd7 7. a4 Qc7 8. Bd3 e6 9. Qf3 Nc5 10. Be3 Bd7 11. O-O h5 12. Rae1 Ng4 13. f5 Nxe3 14. Rxe3 O-O-O 15. Ra1 Be7 16. b4 Nxd3 17. Rxd3 Kb8 18.
fxe6 fxe6 19. Qe3 Bf6 20. b5 a5 21. Nf3 Rc8 22. e5 dxe5 23. Ne4 Rhd8 24. Rc3 Qxc3 25. Nxc3 e4 26. Nd4 Rc4 27. Nce2 Rdc8 28. Rd1 e5 29. Nb3 Bg4 30. Rd2 Bd8 31. h3 Be6 32. Kh2 Rxa4 33. Rxd8 Rxd8 34. Nc5 Rc4 35. Nxe6 Rdc8 36. Qb6 a4 37.
Ng3 e3 38. Qxe3 Rc3 39. Qxe5+ Ka8 40. Ne4 Rxc2 41. Qd6 Ka7 42. N4c5 b6 43. Qd7+ Rc7 44. Qxc7+ 1-0

[Event "Late-Titled-Tuesday-Blitz-January-30-2024"]
[Site "Chess.com"]
[Date "2024.01.30"]
[Round "3"]
[White "miraitrunks"]
[Black "egnfanclub"]
[Result "0-1"]
[WhiteElo "2128"]
[BlackElo "2370"]
[TimeControl "180+1"]
[EndTime "14:29:06 PST"]
[Termination "egnfanclub won on time"]

1. e4 e5 2. Nf3 Nc6 3. Bb5 a6 4. Ba4 d6 5. O-O Bg4 6. c3 Qf6 7. d3 Ne7 8. Nbd2 Ng6 9. h3 h5 10. Re1 Nf4 11. Re3 Bxh3 12. gxh3 Qg6+ 13. Kf1 Qg2+ 14.
Ke1 Qh1+ 15. Nf1 b5 16. Bb3 Ng2+ 17. Ke2 Nxe3 18. Bxe3 Qxh3 19. Bxf7+ Kd7 20. Bd5 Be7 21. Qb3 Raf8 22. N1d2 Nd8 23. Rg1 c6 24. Rg3 Qh1 25. Rxg7 cxd5 26. Qxd5 Ke8 27. Bb6 Qh3 28. Bxd8 Kxd8 29.
Nxe5 Ke8 30. Ng6 Qd7 31. Rxe7+ Qxe7 32. Nxe7 Kxe7 33. Nf3 h4 34. Qg5+ Kd7 35. Nxh4 Rhg8 36. Qd5 Rh8 37. Nf5 Rf6 0-1

[Event "Late-Titled-Tuesday-Blitz-January-30-2024"]
[Site "Chess.com"]
[Date "2024.01.30"]
[Round "3"]
[White "Rawnsdale"]
[Black "alexrustemov"]
[Result "0-1"]
[WhiteElo "2551"]
[BlackElo "2779"]
[TimeControl "180+1"]
[EndTime "14:29:07 PST"]
[Termination "alexrustemov won on time"]

1. e4 e6 2. Nf3 d5 3. exd5 exd5 4.
d4 Bf5 5. Bd3 Bxd3 6. Qxd3 Nc6 7. O-O Bd6 8. c3 Nge7 9. Re1 Qd7 10. a4 O-O 11. Na3 Bxa3 12. Rxa3 Rfe8 13. Bd2 Nf5 14.
Raa1 f6 15. b4 Nce7 16. a5 a6 17. h3 Ng6 18. Rad1 Nd6 19. h4 Qg4 20. g3 h5 21.
Nh2 Qf5 22. Qxf5 Nxf5 23. Kg2 Kf7 24. Nf1 Nd6 25. Ne3 c6 26. Bc1 Ne7 27. f3 Nef5 28.
Kf2 Nxe3 29. Bxe3 Nc4 30. Bf4 Na3 31. g4 g6 32. g5 Nb5 33. Bd2 Rxe1 34. Rxe1 Re8 35. Rxe8 Kxe8 36. Kg3 Kf7 37. Kf4 Nd6 38. Be1 Nf5 39. Bf2 Ke6 40. Be1 Ng7 41. Bf2 Kf7 42.
Be3 Ne6+ 43. Kg3 fxg5 44. hxg5 Ng7 45. Kf4 Ke6 46. Bf2 Nf5 47. Be1 Ng7 48. Bf2 Kd6 49. Be1 Ne6+ 50. Kg3 Kc7 51. f4 Ng7 52. Bd2 b6 53.
axb6+ Kxb6 54. Kf3 Nf5 55. Be1 Kb5 56. Ke2 Kc4 57.
Kf3 Kd3 58. Kf2 Ke4 59. Bd2 Kd3 60. Be1 Nd6 61. Kf3 Kc2 62. Ke2 Nf5 0-1

[Event "Late-Titled-Tuesday-Blitz-January-30-2024"]
[Site "Chess.com"]
[Date "2024.01.30"]
[Round "3"]
[White "TheCavemanChess"]
[Black "AsaHoffmann"]
[Result "1-0"]
[WhiteElo "2686"]
[BlackElo "2345"]
[TimeControl "180+1"]
[EndTime "14:29:07 PST"]
[Termination "TheCavemanChess won by resignation"]

1. Nf3 Nf6 2. g3 d6 3. Bg2 e5 4.
O-O Be7 5. c4 Nc6 6. Nc3 Be6 7. d4 Bxc4 8. dxe5 dxe5 9. Qa4 b5 10.
Nxb5 Bxb5 11. Qxb5 Qd5 12. Qxd5 Nxd5 13. Nxe5 Nxe5 14. Bxd5 Rb8 15. Be3 a5 16. Rfc1 Bd6 17. Rc2 O-O 18. Rac1 Rfe8 19. b3 Ng4 20. Ba7 Rbd8 21.
Bc6 Re7 22. h3 Nf6 23. Bf3 h6 24. Kg2 Nd7 25. Be3 Ne5 26. Bb7 Nd7 27. Ba6 Nf6 28. Bc4 Rde8 29. Rd1 Ne4 30. Bd4 Ng5 31. h4 Ne6 32.
Be3 Nc5 33. Bxc5 Bxc5 34. Bxf7+ Kxf7 35. Rxc5 Rxe2 36. Rxa5 R8e7 37. h5 Rb2 38. Rd4 g5 39. hxg6+ Kxg6 40. Rf4 Rd7 41. b4 Rf7 42. Rxf7 Kxf7 43.
a3 Rb3 44. Ra7 Kg6 45. f4 Kf5 46. Kh3 h5 47. Ra5+ Kg6 48. Kh4 Rb1 49. Rg5+ Kf6 50. Kxh5 Rb3 51. Kg4 Rc3 52. Rc5 Rxa3 53. Rc6+ Kg7 54.
Rxc7+ Kg6 55. b5 Rb3 56. Rc6+ Kg7 57. b6 Kf7 58. Kf5 Rb5+ 59. Ke4 Ke7 60. f5 Kd7 61. Re6 Rb4+ 62. Ke5 Rb3 63. g4 Rb4 64. g5 Rxb6 65. Rxb6 1-0

[Event "Late-Titled-Tuesday-Blitz-January-30-2024"]
[Site "Chess.com"]
[Date "2024.01.30"]
[Round "3"]
[White "GoltsevDmitry2000"]
[Black "Oleksandr_Bortnyk"]
[Result "0-1"]
[WhiteElo "2819"]
[BlackElo "3104"]
[TimeControl "180+1"]
[EndTime "14:29:08 PST"]
[Termination "Oleksandr_Bortnyk won on time"]

1. e4 a6 2. Nf3 g6 3. d4 Bg7 4. c3 c6 5. e5 d6 6. Bd3 dxe5 7.
Nxe5 Nd7 8. Nxd7 Bxd7 9. O-O Nf6 10. Nd2 O-O 11. Ne4 Nxe4 12. Bxe4 e5 13. dxe5 Bxe5 14. g3 Qc7 15. Bg2 Rad8 16. Bh6 Rfe8 17. Re1 Bf5 18. Qe2 Re6 19. Qc4 Rde8 20. Re3 Qb6 21. Qb3 Qxb3 22. axb3 Bg7 23. Rxe6 Bxe6 24. Bxg7 Kxg7 25. b4 Rd8 26. Bf3 Rd2 27. Kg2 Rxb2 28. Rd1 Rc2 29. Rd8 Rxc3 30. Rb8 Rb3 31. Rxb7 c5 32. Ra7 cxb4 33. Rxa6 Rc3 34.
Rb6 b3 35. Bd1 h5 36. h4 Bc4 37. Bf3 Kf8 38. Be4 Ke7 39. Rb7+ Kd6 40. Rb6+ Ke5 41. Bf3 Rc1 42. Rb8 Kd4 43. Bc6 Bf1+ 44. Kh2 Rxc6 45. Rxb3 Bc4 46. Re3 Bd5 47. Kh3 Rc1 0-1

[Event "Late-Titled-Tuesday-Blitz-January-30-2024"]
[Site "Chess.com"]
[Date "2024.01.30"]
[Round "3"]
[White "AlexeiShirov"]
[Black "annasargsyan_m"]
[Result "1-0"]
[WhiteElo "2758"]
[BlackElo "2539"]
[TimeControl "180+1"]
[EndTime "14:29:08 PST"]
[Termination "AlexeiShirov won by resignation"]

1. e4 e5 2. Nf3 Nc6 3. Bb5 a6 4. Ba4 Nf6 5. O-O Nxe4 6. d4 b5 7. Bb3 d5 8. dxe5 Be6 9. Nbd2 Be7 10. Nxe4 dxe4 11. Bxe6 fxe6 12. Ng5 Bxg5 13. Qh5+ g6 14. Qxg5 O-O 15. Qg4 Qd5 16. Bh6 Nxe5 17. Qh4 Rf5 18.
Rad1 g5 19. Bxg5 Qc6 20. Be3 Ng6 21. Rd8+ Rxd8 22. Qxd8+ Rf8 23. Qd4 Qxc2 24. Rc1 Qd3 25. Qc5 Qd6 26. Qxc7 Qxc7 27. Rxc7 Ne5 28. h3 Nc4 29. Bd4 Rd8 30. Bc3 h5 31. b3 Rd3 32.
Bf6 e3 33. fxe3 Nxe3 34. Bg5 Nd5 35. Ra7 Nb4 36. a3 Nd5 37. Rxa6 Rxb3 38. Rxe6 Rxa3 39. Re8+ Kf7 40. Rb8 b4 41. Kh2 b3 42. Bc1 Ra1 43. Bb2 Ra2 44. Rxb3 h4 45. Rb5 Nf4 46. Rf5+ Kg6 47.
Rxf4 Rxb2 48. Rxh4 1-0

[Event "Late-Titled-Tuesday-Blitz-January-30-2024"]
[Site "Chess.com"]
[Date "2024.01.30"]
[Round "3"]
[White "Boninknights"]
[Black "TheNextLevelFan"]
[Result "0-1"]
[WhiteElo "2422"]
[BlackElo "2598"]
[TimeControl "180+1"]
[EndTime "14:29:08 PST"]
[Termination "TheNextLevelFan won on time"]

1. d4 d5 2. Nf3 e6 3. c4 Nf6 4. Nc3 Be7 5. Bg5 O-O 6. e3 c6 7. Rc1 b6 8. Qc2 Bb7 9. cxd5 exd5 10. Bd3 Nbd7 11. O-O h6 12. Bh4 Re8 13. Rfd1 Rc8 14. Bf5 Nh5 15. Bxe7 Qxe7 16. Ne5 Nhf6 17. f4 a5 18. Re1 Qd6 19. Na4 Rcd8 20. Nxd7 Nxd7 21. Bxd7 Rxd7 22. Nxb6 Rde7 23. Qb3 Qb4 24. Qxb4 axb4 25. Kf2 g5 26. Na4 f6 27. Nc5 Bc8 28. g3 Bf5 29.
Na6 b3 30. axb3 Bd3 31. Rxc6 Kf7 32. Nc5 Bb5 33. Rb6 Bd7 34. Rb7 Bf5 35. Rxe7+ Rxe7 36. Ra1 h5 37. b4 h4 38. b5 hxg3+ 39. hxg3 Kg6 40.
b6 Bc8 41. Ra7 Re8 42. b7 Bxb7 43. Rxb7 Rh8 44. Rd7 Kf5 45. Rxd5+ Kg4 46. Rd6 Rh2+ 47. Ke1 Kxg3 48. Rxf6 g4 49. Rg6 Kf3 50. Ne6 g3 51. Kd1 g2 52. d5 Rh1+ 0-1

[Event "Late-Titled-Tuesday-Blitz-January-30-2024"]
[Site "Chess.com"]
[Date "2024.01.30"]
[Round "3"]
[White "Seochesspie"]
[Black "Mazetovic"]
[Result "0-1"]
[WhiteElo "2847"]
[BlackElo "2613"]
[TimeControl "180+1"]
[EndTime "14:29:09 PST"]
[Termination "Mazetovic won on time"]

1. e4 c5 2. Nf3 Nc6 3. d4 cxd4 4.
Nxd4 g6 5. Nc3 Bg7 6. Be3 Nf6 7.
Bc4 Qa5 8. O-O O-O 9. Bb3 d6 10.
f3 Bd7 11. Nxc6 Bxc6 12. Kh1 Nd7 13. Bd4 Bxd4 14. Qxd4 Qc5 15. Qd2 b5 16. Nd5 Bxd5 17. exd5 a5 18. a3 Nb6 19. Rfe1 Ra7 20. Re4 Rc7 21. c3 a4 22. Ba2 f6 23. Rae1 Rf7 24. Rb4 Rf8 25. Qd3 Nc4 26. Bxc4 bxc4 27. Qd2 Ra7 28.
Re4 Rc8 29. Rd4 Kg7 30. Qe2 Rcc7 31. Kg1 Rab7 32. Rxa4 Qb5 33. Rb4 Qa6 34. Kf2 Rxb4 35. axb4 Qa2 36. h4 h5 37. g3 Qb1 38. Re4 Kf7 39.
Kg2 Ra7 40. b5 Kf8 41. b6 Ra1 42. Kh3 Qh1+ 43. Qh2 Qxf3 44. Rf4 Qxd5 45. Rf2 Rh1 46. Qxh1 Qxh1+ 47. Rh2 Qb7 0-1

[Event "Late-Titled-Tuesday-Blitz-January-30-2024"]
[Site "Chess.com"]
[Date "2024.01.30"]
[Round "3"]
[White "Charodej1"]
[Black "Defend1r"]
[Result "0-1"]
[WhiteElo "2300"]
[BlackElo "2529"]
[TimeControl "180+1"]
[EndTime "14:29:09 PST"]
[Termination "Defend1r won by resignation"]

1. e4 c5 2. Nf3 d6 3. d4 cxd4 4. Nxd4 Nf6 5. Nc3 a6 6. Be2 e5 7.
Nb3 Be7 8. O-O Be6 9. f4 O-O 10. f5 Bc8 11. a4 b6 12. Be3 Bb7 13. Bf3 Nbd7 14. Rf2 Rc8 15. Qe1 Nc5 16. Nxc5 dxc5 17. Rd1 Qe8 18. Qe2 Qc6 19. g4 h6 20. Rg2 Nh7 21.
Nd5 Bd8 22. Qf2 Qxa4 23. h4 Bxd5 24. Rxd5 Qa1+ 25. Rd1 Qxb2 26. g5 hxg5 27. hxg5 Rc6 28. Kh1 Re8 29. Rdg1 a5 30. Rh2 Qc3 31. Bc1 a4 32. g6 fxg6 33. fxg6 Nf6 34. Rg3 Qa1 35. Rg1 Qc3 36. Rg3 Qc4 37. Rgh3 Kf8 38. Rh8+ Ke7 39. Rxe8+ Kxe8 40. Bg5 Rd6 41. Rh8+ Kd7 42. Kh2 Be7 43.
Qg2 a3 44. Bxf6 Bxf6 45. Bg4+ Kc6 46. Rc8+ Kb7 47. Bf5 Qd4 48. Re8 Qd2 49. Rc8 Qxg2+ 50. Kxg2 a2 0-1

[Event "Late-Titled-Tuesday-Blitz-January-30-2024"]
[Site "Chess.com"]
[Date "2024.01.30"]
[Round "3"]
[White "jsdbv18"]
[Black "Eloist"]
[Result "1-0"]
[WhiteElo "2607"]
[BlackElo "2439"]
[TimeControl "180+1"]
[EndTime "14:29:12 PST"]
[Termination "jsdbv18 won on time"]

1. e4 e6 2. Nc3 d5 3. exd5 exd5 4. d4 Bf5 5. Nf3 c6 6. Bd3 Bg6 7. O-O Bd6 8. Ne5 Bxd3 9. Qxd3 f6 10. Nf3 Ne7 11.
Ne2 Qc7 12. b3 O-O 13. c4 dxc4 14. bxc4 c5 15. dxc5 Bxc5 16. Nf4 Qd7 17. Qxd7 Nxd7 18. Ne6 Rfc8 19. Rd1 Nb6 20. Nxc5 Rxc5 21. Ba3 Rc7 22.
Bd6 Rd7 23. c5 Nc4 24. Rab1 Rad8 25. Re1 Nxd6 26. cxd6 Nf5 27. g4 Nxd6 28. Nd4 Nc4 29.
Ne6 Re8 30. Nc5 Rxe1+ 31. Rxe1 Rc7 32. Nd3 b5 33. h3 Kf7 34. Kg2 Re7 35. Rb1 a6 36.
Nc5 Ra7 37. a4 bxa4 38. Nxa4 a5 39. Rc1 Nd6 40. Rc6 Ke7 41. Rb6 Kd7 42. Kg3 Kc7 43.
f3 Nc4 44. Re6 Kd7 45. Nc5+ Kd8 46. Na4 Rc7 47. Ra6 Kd7 48. h4 Ne5 49. Rxa5 Rc4 50. Nc5+ Kd6 51. Ne4+ Kc6 52. Ra7 1-0